 Dungeon Crawl Stone Soup version 0.26-a0-20-g5f92b90fa0 (webtiles) character file.

Game seed: 10246267007650302547, levelgen mode: deterministic

24 Esekla the Cutter (level 2, 0/18 HPs)
             Began as a Deep Elf Wanderer on May 25, 2020.
             Slain by an ooze (2 damage)
             ... on level 1 of the Dungeon.
             The game lasted 00:03:47 (707 turns).

Esekla the Cutter (Deep Elf Wanderer)                Turns: 707, Time: 00:03:48

Health: 0/18       AC:  3    Str:  9    XL:     2   Next: 79%
Magic:  4/4        EV: 11    Int: 15    God:
Gold:   22         SH:  4    Dex: 15    Spells: 1/1 levels left

rFire    . . .     SeeInvis .   a - +2 short sword
rCold    . . .     Gourm    .   c - +0 buckler
rNeg     . . .     Faith    .   d - +0 robe
rPois    .         Spirit   .   (no helmet)
rElec    .         Reflect  .   k - +0 cloak
rCorr    .         Harm     .   (no gloves)
MR       .....                  (no boots)
Stlth    +.........             (no amulet)
HPRegen  0.06/turn              i - ring of attention (curse)
MPRegen  0.09/turn              (no ring)

@: no status effects
A: no striking features
a: no special abilities


You were on level 1 of the Dungeon.
You were not hungry.

You visited 1 branch of the dungeon, and saw 1 of its levels.

You collected 22 gold pieces.

Inventory:

Hand Weapons
 a - a +2 short sword (weapon)
Armour
 c - a +0 buckler (worn)
 d - a +0 robe (worn)
 k - a +0 cloak (worn)
Jewellery
 i - a cursed ring of attention (left hand)
Scrolls
 b - a scroll of teleportation
 h - a scroll of fear {unknown}
Potions
 e - a potion of ambrosia {unknown}
 j - a potion of haste {unknown}
Comestibles
 f - 3 rations
 g - a chunk of flesh


   Skills:
 + Level 2.7 Fighting
 + Level 3.4(3.5) Short Blades
   Level 1.0(2.2) Long Blades
 - Level 1.0 Throwing
 * Level 1.4 Dodging
 + Level 1.4 Stealth
 + Level 1.0 Shields


You had one spell level left.
You didn't know any spells.
Your spell library was empty.

Dungeon Overview and Level Annotations

Branches:
Dungeon (1/15)

Altars:


Message History

You closely miss the kobold. You block the kobold's attack.
Your shield prevents you from hitting the kobold.
The kobold hits you with a cursed -2 short sword.
* * * LOW HITPOINT WARNING * * *
You hit the kobold.
You kill the kobold!
You closely miss the kobold. You block the kobold's attack.
You closely miss the kobold. The kobold hits you.
* * * LOW HITPOINT WARNING * * *
You puncture the kobold!
You kill the kobold!
You hit the ooze.
The ooze is moderately wounded.
The ooze barely misses you.
A frilled lizard comes into view.
You completely miss the ooze.
The ooze is moderately wounded.
The frilled lizard hisses angrily.
The ooze hits you.
You die...

###.........# #...#
............# #...#
..).........#####...####
........................
.....................# .
###.......)..####....#
.# ###...####....†....#
$. #)..# #####.#...# .#
#...# #@#...# .. #...#
#J##..###.# #####
#)#.......# ....#
######'#...†####.# ....#
#................# ....#
#...........####.# ....#
#...........#... # ....#
#.....l...#.#.# .#.#
....#
#.........'...#..J.


You could see an ooze and a frilled lizard.

Vanquished Creatures
  2 dart slugs (D:1)
  2 bats (D:1)
  A goblin (D:1)
  3 hobgoblins (D:1)
  3 jackals (D:1)
  3 frilled lizards (D:1)
  3 kobolds (D:1)
  A rat (D:1)
18 creatures vanquished.

Notes
Turn   | Place    | Note
-------+----------+-------------------------------------------
     0 | D:1      | Esekla the Deep Elf Wanderer began the quest for the Orb.
     0 | D:1      | Esekla set off with the following items: a +2 short sword,
                  | a scroll of teleportation, a +0 buckler, a +0 robe, a
                  | ration
     0 | D:1      | Reached XP level 1. HP: 13/13 MP: 3/3
   310 | D:1      | Reached XP level 2. HP: 18/18 MP: 4/4
   650 | D:1      | Reached skill level 1 in Dodging
   707 | D:1      | Slain by an ooze

Illustrated notes

Levels and vault maps discovered:
D:1:      mrwooster_arrival_statue_3, layout_basic

Skill      XL: |  1  2 |
---------------+-------+-----
Dodging        | 1 |  1.4
Fighting       | |  2.7
Short Blades   | |  3.4
Long Blades    | |  1.0
Throwing       | |  1.0
Stealth        | |  1.4
Shields        | |  1.0

Action                   || total
-------------------------++-------
Melee: Short sword       ||    61
  Use: Scroll            ||     2
 Stab: Sleeping          ||     2
Armor: Robe              ||    12
Dodge: Dodged            ||    22
Block: Buckler           ||    12

Table legend:
 A = Non-vault XP
 B = Vault XP
 C = Vault XP percentage of total XP
 D = Non-vault monster count
 E = Vault monster count
 F = Vault count percentage of total count
                 A         B        C        D         E       F
            +---------+---------+-------+---------+---------+-------
      Total |      35 |       0 |   0.0 |      18 |       0 |   0.0
            +---------+---------+-------+---------+---------+-------
        D:1 |      35 |       0 |   0.0 |      18 |       0 |   0.0
            +---------+---------+-------+---------+---------+-------
